 Dungeon Crawl Stone Soup version 0.30.0-5-g1a98f26d00 (webtiles) character file.

Game seed: 2343829148401694058

46 Odexios the Insei (level 3, 0/23 HPs)
             Began as an Octopode Transmuter on May 8, 2023.
             Slain by a goblin
             ... wielding a +0 dagger
             ... led by Robin
              (6 damage)
             ... on level 2 of the Dungeon.
             The game lasted 00:03:57 (982 turns).

Odexios the Insei (Octopode Transmuter)              Turns: 982, Time: 00:03:58

Health: 0/23       AC:  2    Str:  9    XL:     3   Next: 66%
Magic:  0/6        EV: 19    Int: 17    God:
Gold:   87         SH:  0    Dex: 17    Spells: 0/6 levels left

rFire   . .          .
                       - Unarmed
rCold   . . .        (shield currently unavailable)
rNeg    . . .        (helmet currently unavailable)
rPois   x            (no amulet)
rElec   .            (no ring)
rCorr   .            (no ring)
SInv    .            (no ring)
Will    .....        (no ring)
Stlth   ++           (no ring)
HPRegen 0.23/turn    (no ring)
MPRegen 0.10/turn    (no ring)
                     (no ring)

%: no passive effects
@: spider-form (expiring), wereblooded
A: venomous fangs, almost no armour, (amphibious), 8 rings, tiny, (camouflage
1), (gelatinous body 1), (nimble swimmer 1), (tentacles)
a: End Transformation


You were on level 2 of the Dungeon.
You were a venomous arachnid creature.
You visited 1 branch of the dungeon, and saw 2 of its levels.

You collected 87 gold pieces.

Inventory:

Missiles
 j - 6 poisoned darts
Scrolls
 c - 2 scrolls of poison {unknown}
 e - a scroll of identify {unknown}
 f - a scroll of enchant weapon {unknown}
 g - a scroll of butterflies {unknown}
Potions
 a - a potion of lignification
 b - a potion of brilliance {unknown}
 d - 2 potions of curing {unknown}
 h - 2 potions of flight {unknown}
 i - a potion of berserk rage {unknown}
 k - a potion of mutation {unknown}


   Skills:
 - Level 1.0 Fighting
 - Level 2.0 Dodging
 + Level 2.0 Stealth
 - Level 3.0 Unarmed Combat
 - Level 2.0 Spellcasting
 + Level 2.8 Transmutations
 + Level 2.2 Poison Magic


You couldn't memorise any spells.
You knew the following spells:

 Your Spells              Type           Power      Damage    Failure   Level
a - Beastly Appendage     Tmut           22%        N/A       17%         1
b - Wereblood             Tmut           11%        N/A       22%         2
c - Spider Form           Tmut/Pois      10%        N/A       41%         3

Your spell library contained the following spells:

 Spells                   Type           Power      Damage    Failure   Level
 Freeze                   Ice            4%         1d3       38%         1
 Frozen Ramparts          Ice            2%         1d1       71%         3
 Hailstorm                Conj/Ice       1%         3d3       71%         3
 Ice Form                 Ice/Tmut       6%         N/A       87%         4


Dungeon Overview and Level Annotations

Branches:
Dungeon (2/15)

Altars:

Annotations:
D:2 Robin


Innate Abilities, Weirdness & Mutations

You are a venomous arachnid creature.
You have venomous fangs.
You are tiny and dextrous.
Your spellcasting is less reliable in this form.
Your armour is entirely melded.
You are incapable of wielding weapons or throwing items.
You cannot wear most types of armour.
((You are amphibious.))
You can wear up to eight rings at the same time.
((Your skin changes colour to match your surroundings (Stealth+).))
((Your rubbery body absorbs attacks. (AC +1, EV +1)))
((You are camouflaged when in or above water. (Stealth+)))
((You have tentacles for arms and can constrict up to eight enemies at once.))


Message History

The goblins go into a battle-frenzy!
You hear a shout!
You tentacle-slap the goblin. You grab the goblin.
The goblin is severely wounded.
You constrict the goblin.
You feel a bit better.
You kill the goblin!
The goblin hits you with a +0 dagger.
* * * LOW HITPOINT WARNING * * *
The goblin closely misses you. Robin throws the goblin at you!
Casting: Wereblood (safe; 9% risk of failure)
Confirm with . or Enter, or press ? or * to list all spells.
The spell is extremely dangerous to miscast (21% risk of failure)!
Continue anyway?
Your tentacle spike disappears.
You turn into a venomous arachnid creature.
You hiss as the wereblood boils in your veins!
You hear an angry hiss.
The goblin closely misses you. The goblin hits you with a +0 club.
* * * LOW HITPOINT WARNING * * *
The goblin hits you with a +0 dagger.
* * * LOW HITPOINT WARNING * * *
Robin flexes a bicep menacingly.
Unknown command.
You hit the goblin.
You feel a bit better.
You kill the goblin!
The goblin hits you with a +0 club.
* * * LOW HITPOINT WARNING * * *
The goblin completely misses you.
Your Stealth skill increases to level 2!
Unknown command.
You hit the goblin.
You feel a bit better.
You kill the goblin!
The goblin barely misses you.
Unknown command.
You hit Robin.
Robin is poisoned.
Robin is lightly wounded.
You hiss as the wereblood boils in your veins!
Your transformation is almost over.
You hear a shout!
The goblin hits you with a +0 dagger.
You die...

#..#####)##.).....
#........##.......
#........##.......
#......)....###.##
### #........##..#
.#
....##...$....###.#
# #.......)...# ...
####)........# .
#s)..$......#
#gg..........
#............
..#####..#... .#..
..#... g.##. ## g .
..


You could see Robin (very poisoned) and a goblin (strong).

Vanquished Creatures
  2 dart slugs (D:1)
  4 ball pythons (D:1)
  7 bats (D:1)
  3 endoplasms (D:1)
  5 hobgoblins
  2 jackals (D:1)
  2 quokkas (D:1)
  7 goblins
  4 rats
36 creatures vanquished.

Notes
Turn   | Place    | Note
-------+----------+-------------------------------------------
     0 | D:1      | Odexios the Octopode Transmuter began the quest for the
                  | Orb.
     0 | D:1      | Reached XP level 1. HP: 13/13 MP: 3/3
    55 | D:1      | Reached skill level 1 in Poison Magic
    57 | D:1      | Reached XP level 2. HP: 18/18 MP: 3/5
    60 | D:1      | Learned a level 2 spell: Wereblood
   284 | D:1      | Reached skill level 1 in Stealth
   324 | D:1      | Reached XP level 3. HP: 23/23 MP: 4/6
   712 | D:1      | Found a faded altar of an unknown god.
   944 | D:2      | Learned a level 3 spell: Spider Form
   976 | D:2      | Noticed Robin
   982 | D:2      | Slain by a goblin

Illustrated notes

Levels and vault maps discovered:
D:1:      minmay_arrival_diagonal_passages, layout_basic,
          shapermc_ecumenical_altar_pompeii
D:2:      layout_rooms, uniq_crazy_yiuf_cottage, uniq_sigmund, uniq_jessica,
          uniq_robin

Skill      XL: |  1  2  3 |
---------------+----------+-----
Poison Magic   | 1 2 |  2.2
Stealth        | 1 2 |  2.0
Fighting       | |  1.0
Dodging        | |  2.0
Unarmed Combat | |  3.0
Spellcasting   | |  2.0
Transmutations | |  2.8

Action                     || total
---------------------------++-------
  Melee: Unarmed           ||    71
         Constrict         ||    19
         Tentacles         ||    14
         Kick              ||    13
         Punch             ||     1
   Cast: Beastly Appendage ||    13
         Wereblood         ||     4
         Spider Form       ||     1
   Stab: Sleeping          ||     8
  Dodge: Dodged            ||    40
